 Dungeon Crawl Stone Soup version 0.24.0-13-gcf9b3192b9 (webtiles) character file.

Game seed: 4214982209489155332, levelgen mode: deterministic

7177 Mrkan the Basher (level 10, -9/82 HPs)
             Began as a Minotaur Fighter on Nov 5, 2019.
             Was an Elder of Hepliaklqana.
             Mangled by a death yak (13 damage)
             ... on level 10 of the Dungeon.
             The game lasted 00:19:06 (8714 turns).

Mrkan the Basher (Minotaur Fighter)                 Turns: 8714, Time: 00:19:06

Health: -9/82      AC: 18    Str: 20    XL:     10   Next: 86%
Magic:  9/9        EV:  3    Int:  5    God:    Hepliaklqana [****..]
Gold:   669        SH: 17    Dex: 14    Spells: 9/9 levels left

rFire    . . .     SeeInvis +   p - +1 flail (crush)
rCold    . . .     Gourm    .   I - +0 large shield
rNeg     . . .     Faith    .   r - +0 plate armour
rPois    .         Spirit   .   (helmet restricted)
rElec    .         Reflect  .   f - +0 cloak
rCorr    .         Harm     .   E - +0 pair of gloves
MR       .....                  m - +0 pair of boots
Stlth    ..........             (no amulet)
HPRegen  0.23/turn              (no ring)
MPRegen  0.11/turn              s - ring of see invisible

@: no status effects
A: retaliatory headbutt, reduced essence, horns 2
a: Recall Ancestor, Ancestor Identity, Transference, Idealise, Renounce Religion


You were on level 10 of the Dungeon.
You worshipped Hepliaklqana.
Hepliaklqana was greatly pleased with you.
You were hungry.

You visited 1 branch of the dungeon, and saw 10 of its levels.

You collected 669 gold pieces.

Inventory:

Hand Weapons
 a - a +3 dire flail of draining
 p - a +1 flail of crushing (weapon)
Missiles
 k - 2 silver javelins (quivered)
Armour
 f - a +0 cloak (worn)
 m - a +0 pair of boots (worn)
 r - a +0 plate armour (worn)
 E - a +0 pair of gloves (worn)
 I - a +0 large shield (worn)
Jewellery
 s - a ring of see invisible (right hand)
Wands
 y - a wand of flame (15)
 B - a wand of clouds (3)
 D - a wand of random effects (13)
Scrolls
 b - 5 scrolls of teleportation
 d - 2 scrolls of fear
 e - 13 scrolls of identify
 g - a scroll of noise {unknown}
 n - a scroll of amnesia
 u - a scroll of magic mapping
 z - a scroll of remove curse
 A - 2 scrolls of immolation
 F - 2 scrolls of fog
Potions
 h - 5 potions of curing
 i - a potion of magic {unknown}
 j - 2 potions of flight
 l - a potion of lignification {unknown}
 o - 2 potions of heal wounds {unknown}
 t - a potion of berserk rage {unknown}
 v - a potion of cancellation {unknown}
 w - 2 potions of degeneration {unknown}
 C - 3 potions of haste {unknown}
Comestibles
 q - 9 rations


   Skills:
 + Level 9.7 Fighting
 * Level 12.5 Maces & Flails
 + Level 9.7 Armour
 + Level 9.7 Shields


You had 9 spell levels left.
You didn't know any spells.
Your spell library contained the following spells:

 Spells                   Type           Power        Failure   Level  Hunger
 Confusing Touch          Hex            #.....       100%        1    ##.....
 Magic Dart               Conj           #...         100%        1    ##.....
 Summon Small Mammal      Summ           #...         100%        1    ##.....
 Blink                    Tloc           N/A          100%        2    ###....
 Call Imp                 Summ           #.......     100%        2    ###....
 Poisonous Vapours        Pois/Air       #.....       100%        2    ###....
 Slow                     Hex            #.......     100%        2    ###....
 Call Canine Familiar     Summ           #.......     100%        3    ####...
 Confuse                  Hex            #.......     100%        3    ####...
 Conjure Flame            Conj/Fire      #.......     100%        3    ####...
 Gell's Gravitas          Tloc           #.........   100%        3    ####...
 Mephitic Cloud           Conj/Pois/Air  #.......     100%        3    ####...
 Summon Guardian Golem    Hex/Summ       #.......     100%        3    ####...
 Petrify                  Tmut/Erth      #.......     100%        4    #####..
 Summon Ice Beast         Ice/Summ       #.......     100%        4    #####..
 Summon Lightning Spire   Summ/Air       #.......     100%        4    #####..
 Metabolic Englaciation   Hex/Ice        #.........   100%        5    ######.
 Yara's Violent Unravell  Hex/Tmut       #.........   100%        5    ######.
 Freezing Cloud           Conj/Ice/Air   #.........   100%        6    #######
 Ring of Flames           Chrm/Fire      #.........   100%        7    #######


Dungeon Overview and Level Annotations

Branches:
Dungeon (10/15)            Temple (0/1) D:4             Orc (0/2) D:9
   Lair: D:8-11

Altars:
Ashenzari
Cheibriados
Elyvilon
Gozag
Hepliaklqana
Makhleb
Okawaru
Qazlal
Sif Muna
Trog
Uskayaw
Wu Jian
Xom
Yredelemnul
Zin
The Shining One

Annotations:
D:8 1 runed translucent door, tape's ghost, novice OpTm


Innate Abilities, Weirdness & Mutations

You reflexively headbutt those who attack you in melee.
You have a pair of horns on your head.
Your life essence is reduced to manifest your ancestor. (-10% HP)


Message History

The death yak snorts and paws the ground.
Unknown command.
You hit the two-headed ogre.
The two-headed ogre is lightly wounded.
The death yak gores you!! The death yak gores you.
You bludgeon the two-headed ogre!!
The two-headed ogre is heavily wounded.
The two-headed ogre hits you with a cursed -1 giant spiked club!
* * * LOW HITPOINT WARNING * * *
The two-headed ogre hits you but does no damage.
The death yak gores you!
* * * LOW HITPOINT WARNING * * *
You block the death yak's attack.
You sock the two-headed ogre!
The two-headed ogre is almost dead.
You block the two-headed ogre's attack. The two-headed ogre barely misses you.
The death yak gores you but does no damage.
You block the death yak's attack. The death yak gores you!
You die...

.##... .....#
.....# ##.#
..... #<..
##### .#..
##... ...#..
##Y.# #....
......##Y†#
#....
##.....#OY#
##....
........@##
#.....
.........#
#..)..
.........#
#.....
.........#
##.....
........##
#......
......#.##
#......
..##.....##
#......
..........##
##.....
...######..##
######


You could see 3 death yaks and a two-headed ogre.

Vanquished Creatures
  A two-headed ogre (D:8)
  2 death yaks (D:10)
  A deep elf mage (D:10)
  A troll (D:9)
  2 hippogriffs (D:9)
  Sigmund (D:5)
  2 steam dragons (D:5)
  Menkaure (D:5)
  2 ice beasts
  A sky beast (D:8)
  2 orc warriors
  3 ogres
  A phantom (D:5)
  A necrophage (D:9)
  3 centaurs
  A crocodile (D:8)
  3 bullfrogs
  A gnoll sergeant (D:9)
  A water moccasin skeleton (D:4)
  4 scorpions
  4 howler monkeys
  A bullfrog zombie (D:6)
  A centaur zombie (D:5)
  2 jellies
  9 orc priests
  4 hounds
  Crazy Yiuf (D:2)
  3 bullfrog skeletons
  Terence (D:2)
  5 iguanas
  7 orc wizards
  A worker ant (D:5)
  2 hound skeletons
  A howler monkey zombie (D:6)
  A worker ant zombie (D:5)
  Robin (D:2)
  11 gnolls
  12 adders
  An ooze (D:4)
  An adder skeleton (D:5)
  A worm (D:4)
  5 leopard geckos
  46 orcs
  4 bats
  2 giant cockroaches
  11 goblins
  10 hobgoblins
  9 jackals
  8 kobolds
  4 quokkas
  A ball python (D:1)
  4 frilled lizards
  A giant cockroach zombie (D:6)
  7 rats
216 creatures vanquished.

Vanquished Creatures (collateral kills)
  A water moccasin (D:5)
  An ice beast (D:10)
  A centaur (D:7)
  A bullfrog (D:9)
  A water moccasin zombie (D:7)
  An iguana (D:6)
  3 orc wizards
  A killer bee zombie (D:5)
  An adder (D:3)
  A gnoll (D:4)
  2 leopard geckos
  10 orcs
  2 giant cockroaches
  7 goblins
  A hobgoblin (D:2)
  2 jackals (D:3)
  2 kobolds (D:3)
  A quokka (D:6)
  A frilled lizard (D:4)
  2 rats (D:3)
  2 fungi
44 creatures vanquished.

Vanquished Creatures (others)
  3 hexers
  2 ancestors
5 creatures vanquished.

Grand Total: 265 creatures vanquished

Notes
Turn   | Place    | Note
-------+----------+-------------------------------------------
     0 | D:1      | Mrkan the Minotaur Fighter began the quest for the Orb.
     0 | D:1      | Reached XP level 1. HP: 19/19 MP: 0/0
   205 | D:1      | Reached XP level 2. HP: 18/27 MP: 1/1
   388 | D:1      | Reached skill level 3 in Maces & Flails
   707 | D:2      | Reached XP level 3. HP: 29/33 MP: 2/2
  1039 | D:2      | Reached XP level 4. HP: 40/40 MP: 3/3
  1048 | D:2      | Found a stormy altar of Qazlal.
  1055 | D:2      | Found a hazy altar of Hepliaklqana.
  1062 | D:2      | Found a snail-covered altar of Cheibriados.
  1067 | D:2      | Found a shattered altar of Ashenzari.
  1076 | D:2      | Found a bloodstained altar of Trog.
  1080 | D:2      | Found a glowing silver altar of Zin.
  1086 | D:2      | Found a white marble altar of Elyvilon.
  1097 | D:2      | Became a worshipper of Hepliaklqana the Forgotten
  1228 | D:2      | Noticed Robin
  1232 | D:2      | Reached skill level 4 in Maces & Flails
  1247 | D:2      | Killed Robin
  1720 | D:2      | Noticed Terence
  1732 | D:2      | Killed Terence
  1732 | D:2      | Reached XP level 5. HP: 39/42 MP: 4/4
  1917 | D:2      | Found a shimmering altar of Xom.
  2029 | D:2      | Found a runed translucent door.
  2030 | D:2      | Noticed Crazy Yiuf
  2198 | D:2      | Killed Crazy Yiuf
  2693 | D:2      | Reached skill level 5 in Maces & Flails
  2913 | D:3      | Noticed an ogre
  2920 | D:3      | Killed an ogre
  2920 | D:3      | Reached skill level 5 in Fighting
  2920 | D:3      | Reached skill level 5 in Armour
  2920 | D:3      | Reached skill level 5 in Shields
  2920 | D:3      | Reached XP level 6. HP: 41/50 MP: 5/5
  3022 | D:3      | Reached * piety under Hepliaklqana
  3580 | D:4      | HP: 2/50 [gnoll/+0 halberd (7)]
  3597 | D:4      | Reached skill level 6 in Maces & Flails
  4086 | D:4      | Reached XP level 7. HP: 54/54 MP: 6/6
  4128 | D:4      | Found a shimmering blue altar of Sif Muna.
  4296 | D:4      | Found a staircase to the Ecumenical Temple.
  4830 | D:5      | Entered Level 5 of the Dungeon
  4830 | D:5      | Found an opulent altar of Gozag.
  4845 | D:5      | Reached skill level 7 in Maces & Flails
  4911 | D:5      | Noticed a steam dragon
  4912 | D:5      | Noticed a steam dragon
  4916 | D:5      | Killed a steam dragon
  4916 | D:5      | Reached XP level 8. HP: 31/63 MP: 7/7
  5132 | D:5      | Noticed Menkaure
  5140 | D:5      | Killed Menkaure
  5140 | D:5      | Reached skill level 8 in Maces & Flails
  5265 | D:5      | Reached ** piety under Hepliaklqana
  5266 | D:5      | Noticed Sigmund
  5268 | D:5      | Remembered your ancestor Audrea as a hexer
  5275 | D:5      | Killed Sigmund
  5280 | D:5      | Found an iron altar of Okawaru.
  5291 | D:5      | Reached skill level 9 in Maces & Flails
  5636 | D:6      | Reached XP level 9. HP: 71/71 MP: 8/8
  5722 | D:6      | Found an ornate altar of the Wu Jian Council.
  5741 | D:6      | Found a basalt altar of Yredelemnul.
  6024 | D:6      | You fall into a shaft and drop 3 floors!
  6024 | D:9      | Found a hide-covered altar of Uskayaw.
  6041 | D:9      | Noticed a troll
  6056 | D:9      | Killed a troll
  6056 | D:9      | Reached skill level 10 in Maces & Flails
  6683 | D:7      | Found a glowing golden altar of the Shining One.
  7274 | D:8      | Reached skill level 11 in Maces & Flails
  7342 | D:8      | Reached XP level 10. HP: 73/81 MP: 9/9
  7396 | D:8      | Noticed a two-headed ogre
  7406 | D:8      | Killed a two-headed ogre
  7449 | D:8      | Found a runed translucent door.
  7449 | D:8      | Found a shimmering altar of Xom.
  7449 | D:8      | Noticed a +2 long sword of chaos
  7449 | D:8      | Noticed tape's ghost (novice OpTm)
  7455 | D:8      | Reached *** piety under Hepliaklqana
  7938 | D:9      | Found a burning altar of Makhleb.
  8234 | D:9      | Found a staircase to the Orcish Mines.
  8253 | D:10     | Entered Level 10 of the Dungeon
  8266 | D:9      | Identified a scroll of acquirement
  8571 | D:10     | Reached **** piety under Hepliaklqana
  8577 | D:10     | Noticed a deep elf mage
  8590 | D:10     | Killed a deep elf mage
  8590 | D:10     | Reached skill level 12 in Maces & Flails
  8687 | D:10     | Noticed a death yak
  8687 | D:10     | Noticed a death yak
  8688 | D:10     | Noticed a death yak
  8689 | D:10     | Noticed a two-headed ogre
  8692 | D:10     | Noticed a death yak
  8696 | D:10     | Noticed a death yak
  8699 | D:10     | Killed a death yak
  8708 | D:10     | Killed a death yak
  8712 | D:10     | HP: 3/82 [death yak (12)]
  8714 | D:10     | Mangled by a death yak

Levels and vault maps discovered:
D:1:      lightli_molten_gateway, layout_loops_ring
D:2:      layout_basic, grunt_temple_overflow_octagram, xom_teletrap_fun,
          uniq_crazy_yiuf_cottage, uniq_robin, uniq_terence
D:3:      layout_rooms, kennysheep_generic_room_16
D:4:      layout_loops_corners, minmay_temple_entry_waves, first_ration,
          lemuel_blue_sif_altar
D:5:      kennysheep_steamy, layout_rooms, okawaru_ov_weapons_minmay,
          chequers_serial_rivers_micro_c, minmay_misc_feat_doors,
          nicolae_gozag_seed_capital, uniq_sigmund, uniq_menkaure
D:6:      layout_basic, overflow_temple_1_default, yredelemnul_altar_generic
D:7:      layout_layer_cave, basic_altar
D:8:      layout_basic, ebering_ghost_xom
D:9:      layout_basic, eat_drink_and_be_merry_uskayaw, orc_0_dummy,
          makhleb_heckhound_becter
D:10:     layout_cave_pods, dpeg_lair_monsters

Skill      XL: |  1  2  3  4  5  6  7  8  9 10 |
---------------+-------------------------------+-----
Maces & Flails | 3 4 5 6 7 9 11 12 | 12.5
Fighting       | 4 5 6 7 8 9 |  9.7
Shields        | 4 5 6 7 8 9 |  9.7
Armour         | 4 5 6 7 8 9 |  9.7

Action                   |  1- 3 |  4- 6 |  7- 9 | 10-12 || total
-------------------------+-------+-------+-------+-------++-------
Melee: Flail             |    85 |   201 |   274 |   112 ||   672
       Headbutt          |    11 |    36 |    63 |    30 ||   140
Invok: Ancestor Identity |       |     1 |       |       ||     1
       Ancestor Life: He |       |       |     1 |       ||     1
  Use: Potion            |     1 |     1 |       |     1 ||     3
       Scroll            |       |       |       |    11 ||    11
 Stab: Distracted        |       |       |     2 |       ||     2
  Eat: Chunk             |     1 |     6 |     7 |     4 ||    18
       Ration            |       |     1 |     1 |       ||     2
Armor: Scale mail        |    19 |       |       |       ||    19
       Chain mail        |    33 |   175 |       |       ||   208
       Plate armour      |       |       |   130 |    37 ||   167
Dodge: Dodged            |    27 |    58 |    50 |    14 ||   149
Block: Shield            |    57 |   149 |   141 |    21 ||   368
       Large shield      |       |       |       |    49 ||    49
